 Dungeon Crawl Stone Soup version 0.29.0-13-gc9e81de378 (webtiles) character file.

Game seed: 12630942753851677120

2891 Monkooky the Frost Mage (level 9, -5/65 HPs)
             Began as a Barachi Wanderer on Sept 9, 2022.
             Was an Elder of Zin.
             Slain by a vampire (6 damage)
             ... on level 8 of the Dungeon.
             The game lasted 00:35:11 (8575 turns).

Monkooky the Frost Mage (Barachi Wanderer)          Turns: 8575, Time: 00:35:11

Health: -5/65      AC:  9    Str: 12 (14) XL:     9   Next: 77%
Magic:  9/16       EV: 12    Int: 14 (16) God:    Zin [****..]
Gold:   333        SH:  0    Dex:  9 (12) Spells: 13/17 levels left

rFire   . . .      SeeInvis .   h - staff of cold
rCold   + + +      Faith    .   (no shield)
rNeg    . . .      Spirit   .   F - +0 steam dragon scales
rPois   .          Reflect  .   J - +0 helmet
rElec   .          Harm     .   l - +0 cloak
rCorr   .          Rampage  .   d - +0 pair of gloves
Will    .....                   (no boots)
Stlth   +.........              y - amulet of regeneration
HPRegen 1.00/turn               u - ring of protection from cold
MPRegen 0.15/turn               A - ring of protection from cold

@: lethally poisoned (-5 -> -7), unable to hop, on recite cooldown, slowed, very
slow
A: amphibious, slowness 1, strong legs 1, +LOS
a: Hop, Renounce Religion, Recite, Vitalisation, Imprison, Donate Gold


You were on level 8 of the Dungeon.
You worshipped Zin.
Zin was greatly pleased with you.
You visited 1 branch of the dungeon, and saw 8 of its levels.

You collected 369 gold pieces.
You donated 36 gold pieces to Zin.

Inventory:

Hand Weapons
 a - a +0 club
Missiles
 C - 20 poisoned darts
Armour
 c - a +0 leather armour
 d - a +0 pair of gloves (worn)
 l - a +0 cloak (worn)
 F - +0 steam dragon scales (worn)
 J - a +0 helmet (worn)
 K - a +2 robe of willpower
Magical Staves
 h - a staff of cold (weapon)
Jewellery
 u - a ring of protection from cold (left hand)
 y - an amulet of regeneration (around neck)
 A - a ring of protection from cold (right hand)
Wands
 I - a wand of roots (7)
Scrolls
 f - a scroll of teleportation
 g - 8 scrolls of identify
 k - 2 scrolls of noise {unknown}
 n - 2 scrolls of torment {unknown}
 o - a scroll of fog {unknown}
 p - 6 scrolls of poison {unknown}
 q - a scroll of amnesia {unknown}
 t - a scroll of magic mapping {unknown}
 v - 2 scrolls of enchant weapon {unknown}
 w - a scroll of vulnerability {unknown}
 z - a scroll of fear {unknown}
 B - a scroll of immolation {unknown}
Potions
 b - 2 potions of degeneration
 e - 2 potions of magic {unknown}
 i - a potion of invisibility {unknown}
 j - 2 potions of flight {unknown}
 m - 2 potions of might
 r - 2 potions of attraction {unknown}
 s - 2 potions of haste
 x - a potion of cancellation {unknown}
 D - 2 potions of brilliance
 E - a potion of curing {unknown}
 G - a potion of berserk rage {unknown}
 H - 2 potions of mutation {unknown}
 L - a potion of lignification {unknown}


   Skills:
 - Level 3.8 Fighting
 - Level 4.2 Staves
 - Level 3.6 Armour
 - Level 3.5 Dodging
 - Level 4.8 Spellcasting
 - Level 4.3 Translocations
 - Level 9.3 Ice Magic
 + Level 2.0 Invocations
 - Level 7.0 Evocations


You had 13 spell levels left.
You knew the following spells:

 Your Spells              Type           Power      Damage    Failure   Level
a - Freeze                Ice            100%       1d11      1%          1
b - Ozocubu's Armour      Ice            44%        N/A       1%          3

Your spell library contained the following spells:

 Spells                   Type           Power      Damage    Failure   Level
 Apportation              Tloc           30%        N/A       3%          1
 Teleport Other           Tloc           15%        N/A       9%          3
 Portal Projectile        Hex/Tloc       18%        N/A       22%         3
 Conjure Flame            Conj/Fire      3%         6-21      47%         3
 Dazzling Flash           Conj/Hex       6%         N/A       47%         3
 Ignite Poison            Fire/Tmut/Pois 3%         N/A       47%         3
 Sticky Flame             Conj/Fire      3%         2d3       87%         4
 Agony                    Necr           3%         N/A       99%         5
 Silence                  Hex/Air        1%         N/A       99%         5


Dungeon Overview and Level Annotations

Branches:
Dungeon (8/15)
 Temple: D:4-7         Lair: D:8-11

Altars:
Ashenzari
Dithmenos
Kikubaaqudgha
Makhleb
Uskayaw
Zin

Annotations:
D:3 exclusion: downstairs
D:5 exclusion: downstairs
D:7 Joseph


Innate Abilities, Weirdness & Mutations

You are amphibious.
You cover ground slowly.
You can hop short distances.
You have an extended range of vision and can be seen from far away.


Message History

Aiming: Fastroot
Press: ? - help, Shift-Dir - straight line
Okay, then.
Aiming: Fastroot
Press: ? - help, Shift-Dir - straight line The roots erupt in riotous growth!
Roots grab the orc.
Roots grab the kobold brigand.
The grasping roots constrict the kobold brigand!
The grasping roots constrict the orc!
You kill the orc!
The kobold brigand throws a curare-tipped dart.
The curare-tipped dart hits you.
You are poisoned.
You have difficulty breathing.
* * * LOW HITPOINT WARNING * * *
You feel yourself slow down.
It was a potion of degeneration.
There was something very wrong with that liquid.
You feel weakened.
You feel dopey.
You feel clumsy.
The grasping roots constrict the kobold brigand!
* * * LOW HITPOINT WARNING * * *
You feel very sick.
The kobold brigand escapes!
Aiming: Fastroot
Press: ? - help, Shift-Dir - straight line The roots erupt in riotous growth!
Roots grab the kobold.
Roots grab the kobold brigand.
The grasping roots constrict the kobold brigand!
You kill the kobold brigand!
The grasping roots constrict the kobold.
You kill the kobold!
You feel very sick.
The kobold is no longer dazed.
Something hits you.
* * * LOW HITPOINT WARNING * * *
Something bites you but does no damage.
An orc comes into view. It is wielding a +0 dagger.
Something hits you.
* * * LOW HITPOINT WARNING * * *
Something bites you.
You die...

~≈S.### ~~...#
....# ....###
.....# #....#
#....# ##....#
#@..# #...# ...
#..)# .... +.K)#
.... #.K.# .....
###....# .....#
........####.....#
....~.).......!...
...~~.o.))......$.


You could see an orc and 2 kobolds.

Vanquished Creatures
  Pikel (D:7)
  Maggie (D:6)
  Sigmund (D:6)
  2 water moccasins
  An orc warrior (D:6)
  A sky beast (D:7)
  An ice beast (D:7)
  2 ogres
  A lemure (D:7)
  2 kobold brigands
  3 scorpions
  2 bullfrogs (D:6)
  A gnoll sergeant (D:7)
  2 hounds
  3 jellies (D:6)
  6 orc priests
  Jessica (D:3)
  Natasha (thrice) (D:3)
  2 iguanas
  5 orc wizards
  3 gnolls (D:7)
  10 adders
  A river rat (D:1)
  3 shadow imps (D:7)
  2 white imps (D:7)
  An ufetubus (D:5)
  3 worms
  A dart slug (D:3)
  29 orcs
  2 bats (D:1)
  6 endoplasms
  4 giant cockroaches
  7 hobgoblins
  9 jackals (D:3)
  A quokka (D:1)
  3 ball pythons
  2 frilled lizards (D:1)
  8 goblins
  17 kobolds
  2 rats (D:1)
155 creatures vanquished.

Vanquished Creatures (others)
  2 plants (D:3)
2 creatures vanquished.

Grand Total: 157 creatures vanquished

Notes
Turn   | Place    | Note
-------+----------+-------------------------------------------
     0 | D:1      | Monkooky the Barachi Wanderer began the quest for the Orb.
     0 | D:1      | Monkooky set off with the following items: a +0 club, a
                  | potion of heal wounds, a +0 leather armour, a wand of
                  | polymorph (5); and the following spells available to
                  | memorise: Apportation, Freeze, Teleport Other, Ozocubu's
                  | Armour, Portal Projectile.
     0 | D:1      | Reached XP level 1. HP: 13/13 MP: 2/2
    62 | D:1      | Reached skill level 1 in Fighting
    78 | D:1      | Learned a level 1 spell: Freeze
   288 | D:1      | Reached XP level 2. HP: 20/22 MP: 0/3
   785 | D:1      | Reached skill level 3 in Ice Magic
   904 | D:1      | Reached XP level 3. HP: 28/28 MP: 2/4
  1036 | D:1      | Learned a level 3 spell: Ozocubu's Armour
  1122 | D:2      | Noticed Terence
  1125 | D:2      | Found a faded altar of an unknown god.
  1134 | D:2      | Noticed Terence
  1134 | D:2      | Terence changed into Terence the river rat
  1163 | D:1      | Killed Terence the river rat
  1524 | D:2      | Prayed at the altar of an unknown god.
  1524 | D:2      | Became a worshipper of Zin the Law-Giver
  1524 | D:2      | Reached * piety under Zin
  1533 | D:1      | Reached skill level 4 in Ice Magic
  1874 | D:2      | Reached XP level 4. HP: 31/34 MP: 3/5
  2298 | D:3      | Found an ancient bone altar of Kikubaaqudgha.
  2298 | D:3      | Found a broken altar of Ashenzari.
  2298 | D:3      | Found a shadowy altar of Dithmenos.
  2443 | D:3      | You fall into a shaft and drop 1 floor!
  2499 | D:2      | Reached skill level 5 in Ice Magic
  2836 | D:3      | Noticed Jessica
  2853 | D:3      | Killed Jessica
  2854 | D:3      | Reached XP level 5. HP: 13/39 MP: 0/6
  3474 | D:3      | Noticed Natasha
  3481 | D:3      | Killed Natasha
  3619 | D:3      | Noticed Natasha
  3628 | D:3      | Killed Natasha
  3629 | D:3      | Reached XP level 6. HP: 45/45 MP: 2/8
  3745 | D:3      | Noticed Natasha
  3754 | D:3      | Reached ** piety under Zin
  3901 | D:3      | Killed Natasha
  4673 | D:4      | Found a burning altar of Makhleb.
  4932 | D:5      | Entered Level 5 of the Dungeon
  5073 | D:5      | Reached *** piety under Zin
  5121 | D:5      | Noticed a water moccasin
  5129 | D:5      | Killed a water moccasin
  5130 | D:5      | Reached XP level 7. HP: 47/51 MP: 2/14
  5292 | D:5      | Reached skill level 6 in Ice Magic
  6092 | D:4      | Reached skill level 7 in Ice Magic
  6259 | D:6      | Noticed Sigmund
  6458 | D:6      | Killed Sigmund
  6459 | D:6      | Reached skill level 8 in Ice Magic
  6459 | D:6      | Reached XP level 8. HP: 57/57 MP: 6/15
  6584 | D:6      | Reached skill level 9 in Ice Magic
  6802 | D:6      | HP: 2/60 [orc warrior/+0 short sword (14)]
  6806 | D:6      | Reached skill level 1 in Invocations
  6876 | D:6      | Noticed Maggie
  6940 | D:6      | Killed Maggie
  6941 | D:6      | Reached XP level 9. HP: 33/65 MP: 2/16
  7202 | D:6      | Found a hide-covered altar of Uskayaw.
  7326 | D:6      | Reached **** piety under Zin
  7437 | D:5      | Reached skill level 1 in Staves
  8010 | D:7      | Noticed Pikel
  8023 | D:7      | Killed Pikel
  8546 | D:7      | Noticed Joseph
  8575 | D:8      | HP: 1/65 [something (4)]
  8575 | D:8      | Slain by a vampire

Illustrated notes

Levels and vault maps discovered:
D:1:      spicycebolla_green_bress_n_ham_2, layout_rooms, minmay_unequal
D:2:      layout_rooms, nicolae_ecumenical_oubliette, uniq_terence
D:3:      layout_loops_cross, gammafunk_temple_overflow_forgotten, uniq_natasha,
          uniq_jessica
D:4:      layout_basic, general_overflow_altar
D:5:      layout_loops_ring
D:6:      hellmonk_crumbling_castle, layout_rooms,
          nicolae_uskayaw_murder_on_the_dancefloor, uniq_maggie, uniq_sigmund
D:7:      layout_rooms, chequers_temple_overflow_minitemple, uniq_pikel,
          uniq_joseph
D:8:      layout_basic, nicolae_ossuary_entry_giza, abandoned_shop, uniq_erica

Skill      XL: |  1  2  3  4  5  6  7  8  9 |
---------------+----------------------------+-----
Fighting       | 1 2 3 |  3.8
Ice Magic      | 3 4 5 8 9 |  9.3
Evocations     | 3 7 |  7.0
Spellcasting   | 4 |  4.8
Invocations    | 2 |  2.0
Armour         | 3 |  3.6
Dodging        | 3 |  3.5
Staves         | 4 |  4.2
Translocations | |  4.3

Action                   |  1- 3 |  4- 6 |  7- 9 || total
-------------------------+-------+-------+-------++-------
Melee: Club              |    17 |       |       ||    17
       Dagger            |    19 |       |       ||    19
       Staff             |    24 |    57 |   113 ||   194
Throw: Dart              |       |       |    19 ||    19
 Cast: Freeze            |    39 |    89 |   209 ||   337
       Ozocubu's Armour  |       |     7 |    18 ||    25
Invok: Recite            |       |     1 |     4 ||     5
 Abil: Hop               |     3 |     1 |     4 ||     8
Evoke: Wand              |     1 |       |     2 ||     3
  Use: Potion            |     1 |       |     2 ||     3
       Scroll            |       |       |     1 ||     1
Armor: Leather armour    |    50 |    51 |    22 ||   123
       Steam dragon scal |       |       |   108 ||   108
Dodge: Dodged            |    89 |    78 |   201 ||   368
